 Dungeon Crawl Stone Soup version 0.30-a0-219-gf2db51d15e (webtiles) character file.

Game seed: 13289214657526521110

154299 porpoise the Warrior (level 17, -4/129 HPs)
             Began as a Demonspawn Gladiator on Oct 8, 2022.
             Was the Champion of Hepliaklqana.
             Killed from afar by Roxanne (46 damage)
             ... with a crystal spear
             ... on level 4 of the Spider Nest.
             The game lasted 01:56:23 (30935 turns).

porpoise the Warrior (Demonspawn Gladiator)        Turns: 30935, Time: 01:56:23

Health: -4/129     AC: 34    Str: 29    XL:     17   Next: 6%
Magic:  0/26       EV: 17    Int:  9    God:    Hepliaklqana [******]
Gold:   2377       SH:  8    Dex: 20    Spells: 16/16 levels left

rFire   + + .      SeeInvis .    a - +2 demon trident (protect)
rCold   + . .      Faith    .    c - +1 buckler
rNeg    . . .      Spirit   +    x - +4 scale mail of Goepn {rPois rF+ Str+4}
rPois   +          Reflect  .    (helmet unavailable)
rElec   .          Harm     .    K - +2 cloak {Will+}
rCorr   +          Rampage  .    l - +1 pair of gloves
Will    ++...                    T - +0 pair of boots
Stlth   ..........               y - amulet "Otuezat" {Spirit rPois rCorr Str+4 Dex+3}
HPRegen 0.41/turn                o - +4 ring of protection
MPRegen 0.20/turn                v - ring of protection from cold

@: mighty, under a protective aura
A: reduced essence, horns 3, molten scales 3, ignite blood 3, powered by death 1
a: Renounce Religion, Recall Ancestor, Ancestor Identity, Transference, Idealise


You were on level 4 of the Spider Nest.
You worshipped Hepliaklqana.
Hepliaklqana was exalted by your worship.
You visited 5 branches of the dungeon, and saw 27 of its levels.
You also visited: Bailey.

You collected 3177 gold pieces.
You spent 800 gold pieces at shops.

Inventory:

Hand Weapons
 a - a +2 demon trident of protection (weapon)
 b - the +5 sling "Tudoc" {venom, Str+2}
   (You found it on level 4 of the Dungeon)

   Any ammunition fired from it poisons the flesh of those it strikes.
   Str:       It affects your strength (+2).
Missiles
 f - 2 atropa-tipped darts
 N - 14 curare-tipped darts (quivered)
Armour
 c - a +1 buckler (worn)
 l - a +1 pair of gloves (worn)
 x - the +4 scale mail of Goepn (worn) {rPois rF+ Str+4}
   (You found it on level 5 of the Dungeon)

   Str:       It affects your strength (+4).
   rF:        It protects you from fire.
   rPois:     It protects you from poison.
 K - a +2 cloak of willpower (worn)
 T - a +0 pair of boots (worn)
Magical Staves
 p - a staff of earth
Jewellery
 o - a +4 ring of protection (left hand)
 v - a ring of protection from cold (right hand)
 w - the ring of Gejidise {Drain Fly Int+4 Dex+2}
   (You found it on level 3 of the Spider Nest)

   [ring of flight]

   Int:       It affects your intelligence (+4).
   Dex:       It affects your dexterity (+2).
   Fly:       It grants you flight.
   Drain:     It drains your maximum health when unequipped.
 y - the amulet "Otuezat" (around neck) {Spirit rPois rCorr Str+4 Dex+3}
   (You found it on level 13 of the Dungeon)

   [amulet of guardian spirit]

   It causes incoming damage to be divided between your reserves of health and
   magic.
   Str:       It affects your strength (+4).
   Dex:       It affects your dexterity (+3).
   rPois:     It protects you from poison.
   rCorr:     It protects you from acid and corrosion.
 W - the ring of Suvoantel {Fly Str+2}
   (You found it on level 4 of the Lair of Beasts)

   [ring of flight]

   Str:       It affects your strength (+2).
   Fly:       It grants you flight.
Wands
 d - a wand of flame (18)
 C - a wand of paralysis (23)
 D - a wand of iceblast (21)
 H - a wand of light (12)
 J - a wand of digging (9)
 R - a wand of mindburst (5)
 V - a wand of polymorph (7)
Scrolls
 e - a scroll of poison
 i - a scroll of butterflies
 k - a scroll of summoning
 m - 3 scrolls of fear
 n - a scroll of immolation
 s - a scroll of torment
 t - 3 scrolls of blinking
 B - a scroll of vulnerability
 E - a scroll of noise
 F - 10 scrolls of teleportation
 L - 17 scrolls of identify
 U - 2 scrolls of silence
Potions
 g - 5 potions of berserk rage
 h - 3 potions of heal wounds
 j - 5 potions of haste
 q - 4 potions of attraction
 r - 2 potions of ambrosia
 u - 4 potions of might
 z - a potion of flight
 A - 7 potions of curing
 G - 6 potions of resistance
 S - 6 potions of lignification
 X - 2 potions of cancellation
Miscellaneous
 P - a tin of tremorstones (2/2)
 Q - a box of beasts


   Skills:
 - Level 16.0 Fighting
 - Level 14.0 Polearms
 - Level 8.0 Ranged Weapons
 - Level 1.7 Throwing
 + Level 9.5 Armour
 + Level 11.3 Dodging
 + Level 7.7 Shields
 - Level 12.0 Invocations
 - Level 9.0 Evocations


You had 16 spell levels left.
You didn't know any spells.
Your spell library contained the following spells:

 Spells                   Type           Power      Damage    Failure   Level
 Beastly Appendage        Tmut           0%         N/A       67%         1
 Summon Small Mammal      Summ           0%         N/A       67%         1
 Blink                    Tloc           0%         N/A       82%         2
 Scorch                   Fire           0%         2d5       82%         2
 Wereblood                Tmut           0%         N/A       82%         2
 Call Canine Familiar     Summ           0%         N/A       96%         3
 Spider Form              Tmut/Pois      0%         N/A       96%         3
 Summon Guardian Golem    Hex/Summ       0%         N/A       96%         3
 Tukima's Dance           Hex            0%         N/A       96%         3
 Animate Armour           Summ/Erth      0%         N/A       100%        4
 Flame Wave               Conj/Fire      0%         2d4       100%        4
 Manifold Assault         Tloc           0%         N/A       100%        4
 Passage of Golubria      Tloc           0%         N/A       100%        4
 Summon Lightning Spire   Summ/Air       0%         N/A       100%        4
 Blade Hands              Tmut           0%         N/A       100%        5
 Fireball                 Conj/Fire      0%         3d3       100%        5
 Iskenderun's Battlesphe  Conj           0%         2d6       100%        5
 Yara's Violent Unravell  Hex/Tmut       0%         3d3       100%        5
 Conjure Ball Lightning   Conj/Air       0%         3x3d6     100%        6
 Dispersal                Tloc           0%         N/A       100%        6
 Iron Shot                Conj/Erth      0%         9d1       100%        6
 Summon Cactus Giant      Summ           0%         N/A       100%        6
 Orb of Destruction       Conj           0%         9d5       100%        7
 Storm Form               Tmut/Air       0%         N/A       100%        7
 Disjunction              Tloc           0%         N/A       100%        8
 Maxwell's Capacitive Co  Air            0%         ∞         100%        8


Dungeon Overview and Level Annotations

Branches:
Dungeon (15/15)            Temple (1/1) D:5            Lair (5/5) D:8
 Shoals (0/4) Lair:2       Spider (4/4) Lair:3          Orc (2/2) D:11
    Elf (0/3) Orc:2        Vaults (0/5) D:14         Depths (0/4) D:15
 Bailey (visited)
  Slime: Lair:4-5

Altars:
Ashenzari
Cheibriados
Dithmenos
Fedhas
Gozag
Hepliaklqana
Kikubaaqudgha
Makhleb
Nemelex Xobeh
Okawaru
Qazlal
Ru
Sif Muna
Trog
Uskayaw
Vehumet
Wu Jian
Xom
Yredelemnul
Jiyva

Shops:
D:6 [   Orc:2 !??*!

Portals:
Hell: Lair:5

Annotations:
Lair:3 exclusion: 2 oklob plants
Lair:4 exclusion: 2 oklob plants
Spider:1 3 runed translucent doors, Efoceph's ghost, adept GnFi; Xacrah's ghost, journeyman MeHW
Spider:2 1 runed translucent door, Jomugh's ghost, adept MfHs
Spider:4 Roxanne


Innate Abilities, Weirdness & Mutations

Your life essence is reduced to manifest your ancestor. (-10% HP)
You have a pair of large horns on your head.
You are completely covered in molten scales. (AC +4, rF+)
Your demonic aura causes all spilled blood to erupt in flames.
You regenerate a little health from kills.


Message History

Roxanne is moderately damaged.
Roxanne mumbles some strange words.
The bolt of magma hits you! You partially resist.
Bekki hits Roxanne with a +0 quarterstaff!
You hit Roxanne but do no damage.
Roxanne is moderately damaged.
You hit Roxanne.
Roxanne is moderately damaged.
Roxanne casts a spell.
The crystal spear hits you!!
Bekki hits Roxanne with a +0 quarterstaff!!
A tarantella comes into view.
The tarantella's many legs skitter faintly.
You hit Roxanne but do no damage.
Roxanne is heavily damaged.
Roxanne is engulfed in blazing flames.
Bekki hits Roxanne but does no damage.
You impale Roxanne!! You headbutt Roxanne!
Roxanne is severely damaged.
You impale Roxanne!!
Roxanne is severely damaged.
Roxanne casts a spell.
The bolt of magma hits you! You partially resist.
The redback bites you but does no damage.
A redback comes into view.
Bekki hits Roxanne with a +0 quarterstaff.
You hit Roxanne but do no damage.
Roxanne is severely damaged.
You block the redback's attack.
Roxanne mumbles some strange words.
The iron shot hits you!!!
You hit Roxanne. You headbutt Roxanne!!
Roxanne is almost destroyed.
A redback comes into view.
Bekki hits Roxanne but does no damage.
The redback bites you.
Unknown command.
You puncture Roxanne!
Roxanne is almost destroyed.
Roxanne casts a spell.
The crystal spear hits you!!!
You die...

#......^..##...?.####^#.....#
##.........##....#.###^.....#
#........^###.^.#..##.....##
#....^...##...............#
##^.....##...........^#..##
#^..................^####
#†............R.....##
#..^.......§○8......#
#...........@§^...^.#
###..........§s☼..^.^.^#
##...........s...........#
#.........^........[......#
##...............[.....#....
#.............s$.......^..##
#........^...s............#
#...........^...........
†..#)...^....


You could see the friendly Bekki the battlemage, Roxanne (ally target), a
tarantella and 3 redbacks.

Vanquished Creatures
  The ghost of SprigganGuy the Fighter, an adept TrFi of Ru (D:15)
  A frost giant (D:15)
  A war gargoyle (D:14)
  A spark wasp (Spider:1)
  3 entropy weavers
  Josephine (D:14)
  4 hydras
  2 catoblepae
  3 vault guards (D:14)
  2 radroaches
  A centaur warrior (D:14)
  3 ogre magi
  5 boulder beetles
  13 two-headed ogres
  A tengu warrior (D:15)
  A sun demon (Lair:5)
  Urug (D:10)
  A titan zombie (D:15)
  6 pharaoh ants
  8 steelbarb worms
  An iron troll (Orc:2)
  A deep troll (Orc:2)
  A spark wasp zombie (D:15)
  5 orb spiders
  A skeletal warrior (D:15)
  A tengu zombie (D:15)
  A deep elf archer (D:14)
  4 spectral wolf spiders (Spider:3)
  A lindwurm (Lair:4)
  5 wizards
  A phantasmal warrior (D:15)
  4 wolf spider zombies
  2 necromancers
  3 deep elf pyromancers
  17 ugly things
  10 wolf spiders
  3 moths of wrath
  2 manticores
  2 cyclopes
  10 centaur zombies (D:14)
  6 black mambas
  4 gargoyles
  3 torpor snails
  7 cane toads
  4 rime drakes
  An orange demon (Lair:5)
  8 demonic crawlers
  7 komodo dragons
  A tengu conjurer (D:15)
  A kobold demonologist (D:12)
  A hellwing (Lair:5)
  3 ice devils
  A red devil (Lair:5)
  11 trolls
  A meliai (Spider:1)
  A hornet (D:10)
  A troll (shapeshifter) (D:15)
  A polar bear (Lair:4)
  3 wolf spider simulacra (Spider:3)
  12 tarantellas
  8 slime creatures
  A wind drake (Lair:2)
  10 blink frogs
  A spriggan zombie (D:15)
  8 jumping spiders
  A centaur simulacrum (D:15)
  2 shadows
  A water elemental (D:11)
  A vampire (D:11)
  A wraith (D:14)
  4 wyverns
  7 culicivoras
  40 yaks
  10 humans (D:14)
  3 basilisks
  Menkaure (D:6)
  A steam dragon (D:6)
  39 redbacks
  3 wargs
  An acid dragon (D:12)
  A hell hound (Lair:5)
  13 water moccasins
  A meliai simulacrum (D:15)
  A sky beast (D:6)
  14 orc warriors
  2 black bears
  7 wolves
  2 boggarts (D:15)
  2 centaurs
  25 ogres
  5 kobold brigands
  14 bullfrogs
  A necrophage (D:4)
  5 wights
  20 killer bees
  3 howler monkeys
  5 vampire bats
  2 electric eels (D:11)
  3 lava snakes (Lair:4)
  2 hounds
  11 orc priests
  Crazy Yiuf (D:6)
  Natasha (twice) (D:3)
  A boggart zombie (D:14)
  6 iguanas
  13 orc wizards
  2 boggart simulacra (D:15)
  10 gnolls
  5 adders
  3 shadow imps
  4 white imps
  3 ufetubi
  A worm (D:3)
  3 dart slugs
  54 orcs
  9 bats
  3 bat skeletons (D:9)
  3 bat zombies (D:9)
  6 endoplasms
  5 giant cockroaches
  5 goblins
  11 hobgoblins
  4 jackals (D:2)
  3 quokkas
  7 ball pythons
  5 frilled lizards
  14 kobolds
  3 rats
679 creatures vanquished.

Vanquished Creatures (collateral kills)
  Rupert (Orc:2)
  A ghost moth (Spider:2)
  2 emperor scorpions
  Nessos (D:14)
  2 entropy weavers
  2 hydras (Lair:5)
  An ice dragon (D:15)
  2 catoblepae
  A two-headed ogre (D:9)
  5 boulder beetles
  A skeletal warrior (D:15)
  A pharaoh ant (Spider:2)
  3 orb spiders
  A spectral wolf spider (Spider:3)
  2 steelbarb worms (Spider:1)
  2 orc knights
  A necromancer (D:14)
  An ugly thing (D:13)
  2 wolf spiders
  A cyclops (Orc:2)
  A moth of wrath (Spider:2)
  An elephant (Lair:5)
  2 manticores
  A black mamba (Lair:2)
  An orange demon (Lair:5)
  4 torpor snails
  3 cane toads
  3 unseen horrors
  3 rime drakes
  A demonic crawler (Spider:2)
  2 meliai (Spider:1)
  A polar bear (Lair:5)
  3 trolls
  2 red devils (Lair:5)
  4 wolf spider simulacra
  4 slime creatures
  3 tarantellas
  4 blink frogs
  A meliai zombie (D:14)
  6 jumping spiders
  3 culicivoras
  3 wraiths (D:14)
  A shadow (D:11)
  3 wyverns
  6 humans (D:14)
  8 yaks
  A steam dragon (D:8)
  A redback simulacrum (D:15)
  11 redbacks
  A warg (Orc:2)
  3 acid dragons
  2 hell hounds (Lair:5)
  5 water moccasins
  A sky beast (D:7)
  2 meliai simulacra (D:15)
  5 orc warriors
  A boggart (D:15)
  2 ogres (Orc:2)
  2 kobold brigands (Bailey)
  A bullfrog (Lair:1)
  A gnoll sergeant (D:13)
  A hornet simulacrum (D:15)
  8 killer bees
  2 electric eels (D:11)
  2 howler monkeys (D:9)
  A lava snake (Lair:4)
  5 orc priests
  A boggart zombie (D:14)
  3 orc wizards
  2 gnolls
  A river rat (Lair:3)
  A white imp (D:6)
  18 orcs
  A bat skeleton (D:9)
  9 kobolds
  3 bats (Lair:5)
204 creatures vanquished.

Vanquished Creatures (others)
  2 redbacks
  22 battlemagi
  2 ancestors
  13 fungi
  56 plants
  7 withered plants
102 creatures vanquished.

Grand Total: 985 creatures vanquished

Notes
Turn   | Place    | Note
-------+----------+-------------------------------------------
     0 | D:1      | porpoise the Demonspawn Gladiator began the quest for the
                  | Orb.
     0 | D:1      | Reached XP level 1. HP: 16/16 MP: 1/1
   450 | D:1      | Gained mutation: You have a pair of small horns on your
                  | head. [demonic ancestry]
   450 | D:1      | Reached XP level 2. HP: 22/22 MP: 2/2
  1120 | D:1      | Found a faded altar of an unknown god.
  1398 | D:2      | Gained mutation: You are partially covered in molten
                  | scales. (AC +2) [demonic ancestry]
  1398 | D:2      | Reached XP level 3. HP: 28/28 MP: 3/3
  2292 | D:3      | Noticed Natasha
  2302 | D:3      | Killed Natasha
  2303 | D:3      | Reached skill level 3 in Fighting
  2303 | D:3      | Gained mutation: Your demonic aura sometimes causes spilled
                  | blood to erupt in flames. [demonic ancestry]
  2303 | D:3      | Reached XP level 4. HP: 20/35 MP: 4/4
  2328 | D:3      | Noticed Natasha
  2338 | D:3      | Killed Natasha
  2537 | D:3      | Gained mutation: You are mostly covered in molten scales.
                  | (AC +3) [demonic ancestry]
  2537 | D:3      | Reached XP level 5. HP: 41/41 MP: 5/5
  2700 | D:3      | Reached skill level 5 in Polearms
  3100 | D:4      | Noticed an ogre
  3112 | D:4      | Killed an ogre
  3113 | D:4      | Reached skill level 4 in Fighting
  3113 | D:4      | Reached XP level 6. HP: 42/48 MP: 6/6
  3403 | D:4      | Identified the +5 sling "Tudoc" {venom, Str+2}
  3405 | D:4      | Found a bloodstained altar of Trog.
  4000 | D:4      | Reached XP level 7. HP: 43/55 MP: 7/7
  4238 | D:5      | Entered Level 5 of the Dungeon
  4260 | D:5      | Reached skill level 5 in Fighting
  4407 | D:5      | Identified the +4 scale mail of Goepn {rPois rF+ Str+4}
  4486 | D:5      | Found a staircase to the Ecumenical Temple.
  4495 | Temple   | Entered the Ecumenical Temple
  4549 | Temple   | Became a worshipper of Hepliaklqana the Forgotten
  4619 | D:5      | Found a sparkling altar of Nemelex Xobeh.
  4619 | D:5      | Found an opulent altar of Gozag.
  4621 | D:5      | Found a shimmering blue altar of Sif Muna.
  5246 | D:6      | Noticed Menkaure
  5256 | D:6      | Killed Menkaure
  5259 | D:6      | Noticed a steam dragon
  5269 | D:6      | Killed a steam dragon
  5270 | D:6      | Reached XP level 8. HP: 64/64 MP: 8/8
  5347 | D:6      | Reached * piety under Hepliaklqana
  5485 | D:6      | Reached skill level 6 in Fighting
  5545 | D:6      | Found a runed translucent door.
  5546 | D:6      | Noticed Crazy Yiuf
  5553 | D:6      | Killed Crazy Yiuf
  5715 | D:6      | Found Keanozo's Armour Emporium.
  6394 | D:7      | Found a sacrificial altar of Ru.
  6399 | D:7      | Found a broken altar of Ashenzari.
  6637 | D:7      | Reached skill level 7 in Fighting
  6637 | D:7      | Gained mutation: Your demonic aura often causes spilled
                  | blood to erupt in flames. [demonic ancestry]
  6637 | D:7      | Reached XP level 9. HP: 64/64 MP: 9/9
  6748 | D:7      | Found a basalt altar of Yredelemnul.
  6757 | D:7      | Found a faded altar of an unknown god.
  6759 | D:7      | Found a snail-covered altar of Cheibriados.
  6764 | D:7      | Found a faded altar of an unknown god.
  6849 | D:7      | Reached skill level 1 in Armour
  7300 | D:8      | Reached ** piety under Hepliaklqana
  7301 | D:8      | Remembered your ancestor Bekki as a battlemage
  7411 | D:8      | Reached skill level 10 in Polearms
  7454 | D:8      | Reached skill level 5 in Dodging
  7495 | D:8      | Reached skill level 1 in Invocations
  7497 | D:8      | Gained mutation: Your demonic aura causes all spilled blood
                  | to erupt in flames. [demonic ancestry]
  7497 | D:8      | Reached XP level 10. HP: 71/71 MP: 9/11
  7576 | D:8      | Reached skill level 5 in Armour
  7586 | D:8      | Found a flagged portal.
  7595 | Bailey   | Entered a bailey
  7611 | Bailey   | Reached skill level 1 in Evocations
  7857 | Bailey   | Reached skill level 5 in Invocations
  7871 | Bailey   | Found a burning altar of Makhleb.
  7981 | D:8      | Found a staircase to the Lair.
  8235 | D:8      | Found an opulent altar of Gozag.
  8240 | D:8      | Found a shimmering altar of Xom.
  8240 | D:8      | Found a sparkling altar of Nemelex Xobeh.
  8242 | D:8      | Found a shimmering altar of Xom.
  8242 | D:8      | Found a bloodstained altar of Trog.
  8242 | D:8      | Found an ornate altar of the Wu Jian Council.
  8664 | D:9      | Noticed a two-headed ogre
  8671 | D:9      | Killed a two-headed ogre
  8672 | D:9      | Gained mutation: You are completely covered in molten
                  | scales. (AC +4, rF+) [demonic ancestry]
  8672 | D:9      | Reached XP level 11. HP: 75/75 MP: 16/16
  8849 | D:9      | Reached *** piety under Hepliaklqana
  8958 | D:9      | Found an ancient bone altar of Kikubaaqudgha.
  9012 | D:9      | Noticed a two-headed ogre
  9018 | D:9      | Killed a two-headed ogre
  9310 | D:10     | Entered Level 10 of the Dungeon
  9391 | D:10     | Noticed a brown ugly thing
  9399 | D:10     | Killed a brown ugly thing
  9523 | D:10     | Noticed Urug
  9534 | D:10     | Killed Urug
  9535 | D:10     | Reached skill level 5 in Evocations
  9697 | D:10     | Paralysed by a hornet for 3 turns
  9962 | D:10     | Found a burning altar of Makhleb.
 10089 | Lair:1   | Entered Level 1 of the Lair of Beasts
 10119 | Lair:1   | Reached **** piety under Hepliaklqana
 10121 | Lair:1   | Noticed a boulder beetle
 10129 | Lair:1   | Killed a boulder beetle
 10464 | Lair:1   | Reached skill level 8 in Fighting
 11229 | Lair:2   | Identified the +1 leather armour of the Gloaming {+Blink
                  | rF- Str+4 Int+4}
 11267 | Lair:2   | Noticed a six-headed hydra
 11271 | Lair:2   | Killed a six-headed hydra
 11551 | Lair:2   | Reached skill level 9 in Fighting
 11625 | Lair:2   | Found a staircase to the Shoals.
 12272 | Lair:3   | Reached XP level 12. HP: 83/85 MP: 19/19
 12297 | Lair:3   | Reached skill level 10 in Invocations
 12341 | Lair:3   | Found a hole to the Spider Nest.
 12445 | Lair:3   | Reached skill level 10 in Fighting
 12512 | Lair:3   | Found a shadowy altar of Dithmenos.
 12961 | Lair:3   | Reached ***** piety under Hepliaklqana
 13492 | Lair:4   | Noticed a catoblepas
 13500 | Lair:4   | Killed a catoblepas
 13879 | Lair:4   | Found a runed translucent door.
 13917 | Lair:4   | Reached skill level 11 in Fighting
 13917 | Lair:4   | Gained mutation: You regenerate a little health from kills.
                  | [demonic ancestry]
 13917 | Lair:4   | Reached XP level 13. HP: 41/95 MP: 22/22
 14077 | Lair:4   | Identified the +8 whip "Jongecirch" {flame, Fly rElec
                  | Int+2}
 14081 | Lair:4   | Found a runed translucent gate.
 14081 | Lair:4   | Found a runed translucent gate.
 14081 | Lair:4   | Found a runed translucent gate.
 14081 | Lair:4   | Found a runed translucent gate.
 14081 | Lair:4   | Found a runed translucent gate.
 14081 | Lair:4   | Found a runed translucent gate.
 14230 | Lair:4   | Found a viscous altar of Jiyva.
 14681 | Lair:4   | Identified the ring of Suvoantel {Fly Str+2}
 14922 | Lair:5   | Entered Level 5 of the Lair of Beasts
 15146 | Lair:5   | Reached skill level 1 in Ranged Weapons
 15386 | Lair:5   | Reached skill level 12 in Fighting
 15749 | Lair:5   | Found a burning altar of Makhleb.
 16087 | Lair:5   | Found a gateway to Hell.
 16686 | D:11     | Found a staircase to the Orcish Mines.
 17061 | D:11     | Reached XP level 14. HP: 103/103 MP: 23/23
 17622 | D:12     | Reached skill level 5 in Ranged Weapons
 17711 | D:12     | Identified the +5 mace of Overwhelming Force {pain, Dex+3}
 18056 | D:12     | Reached ****** piety under Hepliaklqana
 18705 | D:13     | Identified the amulet "Otuezat" {Spirit rPois rCorr Str+4
                  | Dex+3}
 19088 | D:13     | Found a sacrificial altar of Ru.
 19697 | D:14     | Noticed a war gargoyle
 19697 | D:14     | Found the +10 dark maul {vorpal}
 20152 | D:14     | Found a gate to the Vaults.
 20171 | D:14     | Reached skill level 13 in Fighting
 20411 | D:14     | Noticed Nessos
 20419 | D:14     | Killed Nessos
 20465 | D:14     | Found a basalt altar of Yredelemnul.
 20862 | D:14     | Noticed Josephine
 20874 | D:14     | Killed Josephine
 20878 | D:14     | Gained mutation: You have a pair of horns on your head.
                  | [demonic ancestry]
 20878 | D:14     | Reached XP level 15. HP: 111/111 MP: 24/24
 21700 | D:15     | Entered Level 15 of the Dungeon
 21810 | D:15     | Identified the +4 hand axe "Nuasm" {freeze, rC+ rN+ Will+++
                  | Dex-4}
 21908 | D:15     | Found a runed translucent gate.
 21909 | D:15     | Found a runed translucent gate.
 21929 | D:15     | Found a runed translucent gate.
 22083 | D:15     | Reached skill level 14 in Fighting
 22452 | D:15     | Found a staircase to the Depths.
 22694 | D:15     | Noticed SprigganGuy's ghost (adept TrFi)
 22898 | D:15     | Noticed a frost giant
 22918 | D:15     | Killed SprigganGuy's ghost
 22927 | D:15     | HP: 1/114 [ice dragon/blast of cold (19)]
 23266 | D:15     | Killed a frost giant
 23628 | D:15     | Got the ring "Ruzatit" {Fire Dex+3}
 23988 | Orc:1    | Entered Level 1 of the Orcish Mines
 24486 | Orc:2    | Entered Level 2 of the Orcish Mines
 24496 | Orc:2    | Noticed Rupert
 24505 | Orc:2    | Killed Rupert
 24617 | Orc:2    | Found Laomeep's Magic Scroll Boutique.
 24618 | Orc:2    | Found Tistrad's Distillery.
 24626 | Orc:2    | Reached skill level 15 in Fighting
 24640 | Orc:2    | Found a staircase to the Elven Halls.
 24641 | Orc:2    | Found Wipat's Magic Scroll Emporium.
 24698 | Orc:2    | Found Akhlyr's Assorted Antiques.
 24800 | Orc:2    | Found Xianellu's Distillery.
 24808 | Orc:2    | Bought a potion of berserk rage for 75 gold pieces
 24922 | Orc:2    | Bought 2 potions of curing for 78 gold pieces
 24922 | Orc:2    | Bought a potion of curing for 39 gold pieces
 24922 | Orc:2    | Bought a potion of heal wounds for 65 gold pieces
 24922 | Orc:2    | Bought a potion of heal wounds for 65 gold pieces
 25049 | Orc:2    | Bought a scroll of enchant armour for 105 gold pieces
 25049 | Orc:2    | Bought a scroll of brand weapon for 133 gold pieces
 25085 | Orc:2    | Bought a potion of mutation for 120 gold pieces
 25085 | Orc:2    | Bought a potion of cancellation for 120 gold pieces
 25321 | Spider:1 | Entered Level 1 of the Spider Nest
 25328 | Lair:3   | Gained mutation: You have a pair of large horns on your
                  | head. [demonic ancestry]
 25328 | Lair:3   | Reached XP level 16. HP: 112/122 MP: 22/25
 25827 | Spider:1 | Reached skill level 1 in Shields
 26267 | Spider:1 | Found a runed translucent gate.
 26267 | Spider:1 | Found a runed translucent gate.
 26267 | Spider:1 | Found a runed translucent gate.
 26268 | Spider:1 | Noticed Xacrah's ghost (journeyman MeHW)
 26269 | Spider:1 | Noticed Efoceph's ghost (adept GnFi)
 26687 | Spider:1 | Reached skill level 16 in Fighting
 27850 | Spider:2 | Reached skill level 5 in Shields
 27921 | Spider:2 | Found a runed translucent door.
 27921 | Spider:2 | Noticed Jomugh's ghost (adept MfHs)
 28481 | Spider:2 | Reached skill level 10 in Dodging
 29310 | Spider:3 | Identified the ring of Gejidise {Drain Fly Int+4 Dex+2}
 30266 | Spider:4 | Entered Level 4 of the Spider Nest
 30403 | Spider:4 | Identified the +1 robe of the Abyss {rF+ Str+3 Dex+3}
 30599 | Spider:4 | Reached XP level 17. HP: 124/129 MP: 26/26
 30915 | Spider:4 | Noticed Roxanne
 30935 | Spider:4 | Killed from afar by Roxanne

Illustrated notes

Levels and vault maps discovered:
D:1:      dpeg_arrival_refuge, layout_loops_corners,
          dreamdust_ecumenical_altar_hidden_monk_grotto
D:2:      layout_basic, chequers_garden, wander_ebering_terrifying_dragon_lair
D:3:      layout_basic, uniq_natasha
D:4:      layout_basic, marbit_many_paths
D:5:      layout_loops_cross, gammafunk_temple_overflow_forgotten,
          minmay_temple_entry_waves, serial_glass, glass_columns_a,
          glass_columns_b, saegor_snake_ambush
D:6:      layout_basic, serial_shops, nicolae_stop_n_shop_1,
          uniq_crazy_yiuf_cottage, uniq_menkaure
D:7:      layout_loops_cross, jmf_multi_god_temple,
          chequers_temple_overflow_minitemple
D:8:      layout_loops_cross, doesnt_xom_only_xom, lair_entry_dummy,
          enter_bailey_6
D:9:      layout_long_grid, kennysheep_vampire_church, kennysheep_generic_room_2
D:10:     layout_small_grid, lightli_temple_of_fire, uniq_urug
D:11:     layout_long_grid, erik_orc_4, serial_bayou, serial_bayou_ford_a,
          serial_bayou_crossing, serial_bayou_lagoon_a, serial_bayou_shore_a,
          statue_in_the_mist_lemuel
D:12:     layout_gridville
D:13:     layout_basic, nicolae_ru_awakened_eye
D:14:     minmay_roctagon, layout_grid_maze, grunt_vaults_entry_tiered,
          infiniplex_staircase_pool_1, nicolae_yredelemnul_corpse_copse,
          uniq_nessos, uniq_josephine
D:15:     gammafunk_depths_entry_grave, layout_gridville, gammafunk_ghost_icy,
          serial_rivers, chequers_serial_rivers_small_a,
          chequers_serial_rivers_micro_b, chequers_serial_rivers_marsh,
          chequers_serial_rivers_small_a, chequers_serial_rivers_small_3,
          chequers_serial_rivers_micro_d, amcnicky_mini_pool_small
Temple:   eino_wide_crystal_templ
Lair:1:   wander_river, layout_cave_shapes, grunt_megastairs_5,
          infiniplex_staircase_pool_2, serial_bayou_shore_b
Lair:2:   layout_small_grid, minmay_shoals_entry_beasts
Lair:3:   regret_index_harrowing_hell_hive, layout_misc_corridors,
          spider_nest_entry_a, basic_altar, st_stairs_7, grunt_megastairs_3
Lair:4:   gammafunk_indiana_jones, layout_big_grid,
          minmay_slime_entry_oklob_enclosed
Lair:5:   evil_forest, layout_regular_city, serial_rivers,
          chequers_serial_rivers_micro_b, chequers_serial_rivers_micro_c,
          chequers_serial_rivers_small_3, chequers_serial_rivers_large_a,
          chequers_serial_rivers_small_a, chequers_serial_rivers_micro_c,
          roderic_batcave, infiniplex_staircase_pool
Spider:1: layout_spider_delve, gammafunk_ghost_cemetery,
          nicolae_spider_checkerboard
Spider:2: layout_spider_delve, gammafunk_ghost_grave,
          hangedman_spider_tarantella_strand
Spider:3: layout_spider_delve, nicolae_spider_undead_wolf_pack
Spider:4: spider_rune_water, uniq_roxanne, uniq_nikola
Orc:1:    layout_diamond_mine, nicolae_orc_crystal_geode
Orc:2:    st_orc_open, layout_caves, serial_shops, shop, uniq_rupert

Skill      XL: |  1  2  3  4  5  6  7  8  9 10 11 12 13 14 15 16 |
---------------+-------------------------------------------------+-----
Polearms       | 3 4 5 6 7 9 10 11 12 13 14 | 14.0
Fighting       | 3 4 5 7 9 11 12 13 15 16 | 16.0
Armour         | 4 5 7 8 9 |  9.5
Dodging        | 5 6 7 9 11 | 11.3
Invocations    | 1 7 9 12 | 12.0
Evocations     | 4 5 6 7 9 |  9.0
Ranged Weapons | 4 7 8 |  8.0
Shields        | 7 |  7.7
Throwing       | |  1.7

Action                   |  1- 3 |  4- 6 |  7- 9 | 10-12 | 13-15 | 16-18 || total
-------------------------+-------+-------+-------+-------+-------+-------++-------
Melee: Trident           |   135 |   133 |   199 |   420 |   197 |       ||  1084
       Headbutt          |    11 |    21 |    32 |    81 |   243 |   110 ||   498
       Punch             |       |     1 |     3 |     6 |    11 |       ||    21
       Unarmed           |       |       |       |     3 |       |       ||     3
       Demon trident     |       |       |       |       |   859 |   503 ||  1362
 Fire: Sling             |     8 |    39 |    34 |    37 |    19 |    15 ||   152
Throw: Dart              |       |     4 |       |     6 |     1 |     2 ||    13
Invok: Recall Ancestor   |       |       |     1 |     2 |       |       ||     3
       Ancestor Identity |       |       |     1 |       |       |       ||     1
       Ancestor Life: Ba |       |       |     1 |       |       |       ||     1
       Idealise          |       |       |       |     1 |       |       ||     1
       Transference      |       |       |       |       |     1 |       ||     1
Evoke: Wand              |       |       |       |       |     5 |     1 ||     6
       Box of beasts     |       |       |       |       |     1 |       ||     1
       Tin of tremorston |       |       |       |       |     2 |       ||     2
  Use: Scroll            |     4 |     3 |    16 |     6 |     8 |     2 ||    39
       Potion            |       |     2 |       |       |     6 |     1 ||     9
 Stab: Sleeping          |     2 |       |       |       |       |       ||     2
       Distracted        |       |       |     2 |     2 |    19 |     7 ||    30
       Held in net/web   |       |       |       |       |       |     1 ||     1
Armor: Leather armour    |    47 |    25 |       |       |       |       ||    72
       Scale mail        |       |    17 |    80 |   144 |   354 |   182 ||   777
       Skin              |       |       |       |     2 |       |       ||     2
Dodge: Dodged            |    54 |    91 |    68 |   143 |   346 |   228 ||   930
Block: Buckler           |       |       |       |       |       |   126 ||   126

Table legend: (Time is in decaauts)
 A = Elapsed time spent in this place.
 B = Non-inter-level travel time spent in this place.
 C = Inter-level travel time spent in this place.
 D = Time resting spent in this place.
 E = Time spent auto-exploring this place.
 F = Levels seen in this place.
 G = Mean time per level.
                   A        B        C        D        E       F      G
               +--------+--------+--------+--------+--------+-----+--------+
         Total |  30443 |  27669 |   2774 |   6193 |  16000 |  28 | 1087.2 |
       Dungeon |  17125 |  15444 |   1681 |   3277 |   9350 |  15 | 1141.7 |
        Temple |     78 |     52 |     26 |      0 |     44 |   1 |   78.0 |
          Lair |   7011 |   6340 |    671 |   1262 |   3639 |   5 | 1402.2 |
   Spider Nest |   4806 |   4508 |    298 |   1501 |   2261 |   4 | 1201.5 |
  Orcish Mines |   1043 |    946 |     97 |      3 |    705 |   2 |  521.5 |
        Bailey |    378 |    378 |      0 |    149 |      0 |   1 |  378.0 |
               +--------+--------+--------+--------+--------+-----+--------+

Top non-repeatable levels by time:
    D:14: 2197 daAuts
Spider:2: 2154 daAuts
  Lair:1: 1631 daAuts
  Lair:5: 1471 daAuts
    D:15: 1467 daAuts
  Lair:4: 1384 daAuts
  Lair:3: 1347 daAuts
     D:8: 1261 daAuts
     D:1: 1221 daAuts
     D:4: 1199 daAuts
  Lair:2: 1176 daAuts
    D:13: 1131 daAuts
Spider:1: 1067 daAuts
     D:3: 1064 daAuts
    D:11: 1045 daAuts
